 Dungeon Crawl Stone Soup version 0.26.1-2-gb8aa6d0cf2 (webtiles) character file.

Game seed: 8856756454678318970

101 Gadfly the Skirmisher (level 4, -1/48 HPs)
             Began as an Ogre Monk on Feb 13, 2021.
             Slain by a river rat (8 damage)
             ... on level 3 of the Dungeon.
             The game lasted 00:03:29 (2729 turns).

Gadfly the Skirmisher (Ogre Monk)                   Turns: 2729, Time: 00:03:29

Health: -1/48      AC:  4    Str: 16    XL:     4   Next: 75%
Magic:  5/5        EV: 10    Int: 11    God:
Gold:   75         SH:  0    Dex: 11    Spells: 3/3 levels left

rFire    . . .     SeeInvis .   a - +0 mace
rCold    . . .     Faith    .   (no shield)
rNeg     . . .     Spirit   .   b - +1 robe
rPois    .         Reflect  .   (helmet restricted)
rElec    .         Harm     .   (no cloak)
rCorr    .         Rampage  .   (gloves unavailable)
Will     .....                  (boots unavailable)
Stlth    ++........             (no amulet)
HPRegen  0.16/turn              (no ring)
MPRegen  0.09/turn              (no ring)

@: no status effects
A: large, unfitting armour, tough skin 1
a: no special abilities


You were on level 3 of the Dungeon.
You visited 1 branch of the dungeon, and saw 3 of its levels.

You collected 75 gold pieces.

Inventory:

Hand Weapons
 a - a +0 mace (weapon)
Missiles
 g - 52 stones (quivered)
Armour
 b - a +1 robe (worn)
Wands
 j - a wand of polymorph (7)
Potions
 d - 3 potions of curing
 f - a potion of haste
 h - a potion of attraction


   Skills:
 - Level 4.0 Fighting
 + Level 3.0 Maces & Flails
 * Level 1.8 Throwing
 * Level 1.3 Armour
 - Level 2.6 Dodging
 - Level 1.4 Stealth
 * Level 2.0 Invocations
 * Level 1.3 Evocations


You had 3 spell levels left.
You didn't know any spells.
Your spell library was empty.

Dungeon Overview and Level Annotations

Branches:
Dungeon (3/15)

Altars:

Portals:
Sewer: D:3


Innate Abilities, Weirdness & Mutations

You are too large for most types of armour.
You have tough skin. (AC +1)


Message History

Found a glowing drain.
The rat bites you but does no damage.
There is an open door here.
You barely miss the rat. The rat bites you.
You enter the shallow water.
Moving in this stuff is going to be slow.
Things that are here:
a rat corpse; a river rat corpse; a river rat corpse The river rat bites you but does no damage.
Things that are here:
a rat corpse; a river rat corpse; a river rat corpse You closely miss the river rat.
The river rat barely misses you. The river rat bites you!
* * * LOW HITPOINT WARNING * * *
You closely miss the river rat. The river rat bites you.
* * * LOW HITPOINT WARNING * * *
You hit the river rat.
The river rat is lightly wounded.
The river rat bites you!
You die...

#...≈≈#'#+#
#...≈≈≈≈≈≈#
#......≈≈≈#
#.......≈.# ####
#.........# ...#
##......#### ...#
#..######
#..###############r##
#..)............@rr#
#..######.##########
...# #.# ..## #.# ..#
#.# ..# #.# ..## #.#
#).# ##.## #..#
##.#.##


You could see a river rat and 2 rats.

Vanquished Creatures
  3 river rats (D:3)
  An adder (D:2)
  2 worms (D:2)
  3 dart slugs
  3 orcs (D:3)
  3 giant cockroaches (D:1)
  6 goblins
  5 hobgoblins
  4 jackals (D:2)
  2 quokkas (D:2)
  A ball python (D:1)
  3 bats
  4 frilled lizards
  6 kobolds
  5 rats
51 creatures vanquished.

Vanquished Creatures (others)
  24 plants (D:2)
24 creatures vanquished.

Grand Total: 75 creatures vanquished

Notes
Turn   | Place    | Note
-------+----------+-------------------------------------------
     0 | D:1      | Gadfly the Ogre Monk began the quest for the Orb.
     0 | D:1      | Reached XP level 1. HP: 24/24 MP: 1/1
   129 | D:1      | Reached XP level 2. HP: 30/32 MP: 2/2
   630 | D:1      | Reached skill level 1 in Throwing
   697 | D:2      | Reached XP level 3. HP: 36/39 MP: 3/3
   831 | D:2      | Reached skill level 1 in Invocations
   850 | D:2      | Reached skill level 1 in Evocations
  1300 | D:2      | Reached skill level 1 in Armour
  1362 | D:2      | Found a faded altar of an unknown god.
  1981 | D:2      | Reached XP level 4. HP: 31/48 MP: 5/5
  2711 | D:3      | Found a glowing drain.
  2729 | D:3      | Slain by a river rat

Illustrated notes

Levels and vault maps discovered:
D:1:      minmay_arrival_cross, layout_loops_ring
D:2:      layout_basic, chequers_ecumenical_altar_twisty, kennysheep_path_1,
          serial_bayou_lagoon_b
D:3:      layout_loops_ring, zin_scriptorium, portal_sewer_entry_e,
          guppyfry_early_orc_mine

Skill      XL: |  1  2  3  4 |
---------------+-------------+-----
Throwing       | 1 |  1.8
Invocations    | 1 2 |  2.0
Evocations     | 1 |  1.3
Armour         | 1 |  1.3
Maces & Flails | 3 |  3.0
Fighting       | |  4.0
Dodging        | |  2.6
Stealth        | |  1.4

Action                   |  1- 3 |  4- 6 || total
-------------------------+-------+-------++-------
Melee: Mace              |   134 |    94 ||   228
Throw: Stone             |    12 |       ||    12
  Use: Scroll            |     7 |     2 ||     9
       Potion            |     1 |     1 ||     2
 Stab: Sleeping          |     4 |       ||     4
Armor: Robe              |    42 |    18 ||    60
       Skin              |       |    29 ||    29
Dodge: Dodged            |    95 |    29 ||   124
